 Dungeon Crawl Stone Soup version 0.25.1-8-g42b30a86e7 (webtiles) character file.

Game seed: 1757592586172661676

6519 Clowwww the Cleaver (level 10, -2/79 HPs)
             Began as a Demonspawn Fighter on Dec 6, 2020.
             Was a Believer of Ashenzari.
             Slain by an apocalypse crab (10 damage)
             ... on level 1 of the Abyss.
             The game lasted 00:33:47 (9518 turns).

Clowwww the Cleaver (Demonspawn Fighter)            Turns: 9518, Time: 00:33:47

Health: -2/79      AC: 17    Str: 19    XL:     10   Next: 69%
Magic:  10/10      EV: 10    Int: 11    God:    Ashenzari [**....]
Gold:   569        SH: 10    Dex: 12    Spells: 9/9 levels left

rFire    . . .     SeeInvis +   a - +0 war axe (curse)
rCold    . . .     Gourm    .   c - +0 kite shield
rNeg     . . .     Faith    .   b - +6 scale mail
rPois    .         Spirit   .   w - +1 helmet (curse)
rElec    .         Reflect  .   u - +0 cloak
rCorr    .         Harm     .   (no gloves)
MR       .....                  (no boots)
Stlth    +.........             (no amulet)
HPRegen  0.23/turn              v - ring of see invisible
MPRegen  0.12/turn              (no ring)

@: liquid flames, about to teleport, berserk cooldown, slowed, glowing, very
slow
A: talons 1, thin metallic scales 2, [deformed body], demonic guardian 1,
powered by death 1, [no potion heal 2], [subdued magic 2]
a: Curse Item, Scrying, Renounce Religion


You were on level 1 of the Abyss.
You worshipped Ashenzari.
Ashenzari was pleased with you.
You were not hungry.

You visited 2 branches of the dungeon, and saw 11 of its levels.
You visited the Abyss 1 time.
You also visited: Sewer and Ossuary.

You collected 569 gold pieces.

Inventory:

Hand Weapons
 a - a cursed +0 war axe (weapon)
 s - a +0 dire flail of draining
Missiles
 D - 6 silver javelins
 G - 3 silver boomerangs (quivered)
Armour
 b - a +6 scale mail (worn)
 c - a +0 kite shield (worn)
 u - a +0 cloak (worn)
 w - a cursed +1 helmet (worn)
Jewellery
 v - a ring of see invisible (left hand)
Wands
 g - a wand of clouds (1)
 r - a wand of polymorph (8)
 z - a wand of random effects (31)
 B - a wand of enslavement (6)
 E - a wand of iceblast (5)
 F - a wand of acid (7)
Scrolls
 i - 5 scrolls of magic mapping
 p - 5 scrolls of teleportation
 q - a scroll of fog
 y - a scroll of fear
 C - 2 scrolls of remove curse
Potions
 d - 3 potions of might
 e - 4 potions of brilliance
 j - 6 potions of heal wounds
 k - 4 potions of curing
 l - a potion of flight {unknown}
 m - a potion of stabbing {unknown}
 n - a potion of ambrosia {unknown}
 o - 3 potions of degeneration {unknown}
 t - a potion of berserk rage
 x - 2 potions of haste {unknown}
 A - a potion of lignification {unknown}
Comestibles
 f - 18 rations


   Skills:
 + Level 7.0 Fighting
 + Level 9.4(11.6) Axes
 + Level 1.7 Throwing
 + Level 6.3 Armour
 + Level 3.5 Dodging
 + Level 2.9 Stealth
 + Level 7.2 Shields
 + Level 0.8 Evocations


You had 9 spell levels left.
You didn't know any spells.
Your spell library contained the following spells:

 Spells                   Type           Power        Failure   Level  Hunger
 Magic Dart               Conj           #...         92%         1    ##.....
 Blink                    Tloc           N/A          98%         2    ###....
 Call Imp                 Summ           #.......     98%         2    ###....
 Slow                     Hex            #.......     98%         2    ###....
 Conjure Flame            Conj/Fire      #.......     100%        3    ####...
 Mephitic Cloud           Conj/Pois/Air  #.......     100%        3    ####...


Dungeon Overview and Level Annotations

Branches:
Dungeon (10/15)            Temple (1/1) D:5             Orc (0/2) D:10
  Sewer (visited)         Ossuary (visited)
   Lair: D:8-11

Altars:
Ashenzari
Cheibriados
Dithmenos
Elyvilon
Fedhas
Gozag
Hepliaklqana
Kikubaaqudgha
Makhleb
Nemelex Xobeh
Okawaru
Qazlal
Ru
Sif Muna
Trog
Uskayaw
Vehumet
Wu Jian
Xom
Yredelemnul
Zin
The Shining One

Annotations:
D:10 Erolcha


Innate Abilities, Weirdness & Mutations

You have sharp toenails.
You are mostly covered in thin metallic scales. (AC +3)
A weak demonic guardian rushes to your aid.
You regenerate a little health from kills.
[Armour fits poorly on your strangely shaped body.]
[Potions are poor at restoring your health.]
[Your spells are easier to cast, but less powerful.]


Message History

You are covered in liquid flames!
The smoke demon gestures at you. Something smites you!
Your system partially rejects the healing.
You feel better.
You are covered in liquid flames!
You block the smoke demon's attack. The smoke demon hits you.
* * * LOW HITPOINT WARNING * * *
The smoke demon barely misses you.
The wretched star glows turbulently.
The lance of force hits you!
* * * LOW HITPOINT WARNING * * *
You are knocked back by the lance of force.
You slam into the rock wall!
* * * LOW HITPOINT WARNING * * *
The apocalypse crab bites you but does no damage.
The apocalypse crab claws you.
* * * LOW HITPOINT WARNING * * *
You are engulfed in flames!
You die...

.., #.#....#
.####. . ..#
#.##.. ....## ,
..#........###..
, *, # .
#t.#...... * ,
###.. #.#. ##.#
, *
#.#.#..###.## ,
* #*#
##.##..#§§§# , ,
.. ..##.. .§*3#∆
, * #.#
###.#..§t@#, , ,
#.# , ##.####, ,
* # ##.##
#.###., , * * ,
. .. .,.,..* #*
* , * # . ##
##.# , * * .# ,
, , , #.# * *,
.# ,* , # #. # *


You could see a wretched star, an apocalypse crab and a smoke demon.

Vanquished Creatures
  A sixfirhy (Abyss:1)
  Pikel (D:5)
  A smoke demon (Abyss:1)
  Grum (D:8)
  2 small abominations (Abyss:1)
  A porcupine (D:10)
  2 orc warriors (D:8)
  4 slaves (D:5)
  3 sky beasts
  3 black bears
  A phantom (D:6)
  An ogre (D:7)
  2 necrophages
  3 wolves (D:8)
  4 centaurs
  A big kobold (D:8)
  A bullfrog (D:6)
  4 scorpions
  5 killer bees
  3 howler monkeys
  5 crimson imps
  A quasit (D:7)
  A starcursed mass (Abyss:1)
  A human zombie (Ossuary)
  2 jellies
  3 orc priests
  6 hounds
  2 bullfrog skeletons
  A centaur skeleton (D:5)
  2 iguanas
  3 orc wizards
  7 worker ants
  Natasha (thrice) (D:4)
  2 hound zombies (Ossuary)
  4 mummies (Ossuary)
  6 gnolls (D:4)
  8 adders
  5 river rats
  2 shadow imps
  2 oozes
  4 adder zombies
  5 adder skeletons
  7 worms
  2 dart slugs
  2 leopard geckos (D:6)
  19 orcs
  2 bats (D:2)
  3 giant cockroaches
  9 goblins
  6 hobgoblins
  9 jackals
  2 quokkas
  4 ball pythons (Sewer)
  9 frilled lizards
  A gnoll zombie (Ossuary)
  A hobgoblin zombie (Ossuary)
  A jackal zombie (Ossuary)
  15 kobolds
  A kobold zombie (Ossuary)
  A quokka skeleton (D:5)
  A quokka zombie (D:7)
  17 rats
  A rat zombie (Ossuary)
232 creatures vanquished.

Vanquished Creatures (collateral kills)
  A two-headed ogre (D:8)
  A water moccasin (D:7)
  2 ice beasts
  2 ogres
  A starcursed mass (Abyss:1)
  A bullfrog (D:7)
  A water moccasin skeleton (D:4)
  2 scorpions
  6 killer bees
  An orc wizard (D:5)
  A hound zombie (D:5)
  2 adders
  A gnoll (D:4)
  A shadow imp (D:5)
  A leopard gecko (D:9)
  3 orcs
  A kobold zombie (Ossuary)
  A rat zombie (Ossuary)
29 creatures vanquished.

Vanquished Creatures (others)
  A small abomination (Abyss:1)
  A fungus (D:10)
2 creatures vanquished.

Grand Total: 263 creatures vanquished

Notes
Turn   | Place    | Note
-------+----------+-------------------------------------------
     0 | D:1      | Clowwww the Demonspawn Fighter began the quest for the Orb.
     0 | D:1      | Reached XP level 1. HP: 18/18 MP: 1/1
   464 | D:1      | Gained mutation: You regenerate a little health from kills.
                  | [demonic ancestry]
   464 | D:1      | Reached XP level 2. HP: 24/24 MP: 2/2
   796 | D:2      | Found an ancient bone altar of Kikubaaqudgha.
   808 | D:2      | Reached skill level 2 in Axes
   854 | D:2      | Reached XP level 3. HP: 29/29 MP: 3/3
  1147 | D:2      | Gained mutation: You are partially covered in thin metallic
                  | scales. (AC +2) [demonic ancestry]
  1147 | D:2      | Reached XP level 4. HP: 35/35 MP: 4/4
  1977 | D:3      | Reached skill level 3 in Axes
  1991 | D:3      | Found a glowing drain.
  1996 | Sewer    | Entered a sewer
  2137 | Sewer    | Gained mutation: A weak demonic guardian rushes to your
                  | aid. [demonic ancestry]
  2137 | Sewer    | Reached XP level 5. HP: 41/41 MP: 5/5
  2585 | D:3      | Reached skill level 1 in Dodging
  3332 | D:4      | Reached XP level 6. HP: 26/47 MP: 6/6
  3382 | D:4      | Noticed Natasha
  3384 | D:4      | Found a sand-covered staircase.
  3389 | D:4      | Killed Natasha
  3406 | Ossuary  | Entered an ossuary
  3426 | Ossuary  | Reached skill level 4 in Axes
  3773 | D:4      | Reached XP level 7. HP: 51/53 MP: 7/7
  3918 | D:4      | Noticed Natasha
  3934 | D:4      | Killed Natasha
  3955 | D:4      | Noticed Natasha
  3963 | D:4      | Killed Natasha
  4074 | D:4      | Reached skill level 5 in Axes
  4418 | D:5      | Entered Level 5 of the Dungeon
  4466 | D:5      | Reached skill level 1 in Stealth
  4584 | D:5      | Found a staircase to the Ecumenical Temple.
  4593 | Temple   | Entered the Ecumenical Temple
  4684 | Temple   | Became a worshipper of Ashenzari the Shackled
  4860 | D:5      | Noticed Pikel
  4892 | D:5      | Gained mutation: You are mostly covered in thin metallic
                  | scales. (AC +3) [demonic ancestry]
  4892 | D:5      | Reached XP level 8. HP: 24/60 MP: 8/8
  4920 | D:5      | Killed Pikel
  4920 | D:5      | Reached skill level 6 in Axes
  4920 | D:5      | Reached skill level 5 in Armour
  4920 | D:5      | Reached skill level 5 in Shields
  5724 | D:5      | Found a basalt altar of Yredelemnul.
  5998 | D:6      | Reached * piety under Ashenzari
  6010 | D:6      | Reached skill level 5 in Fighting
  6040 | D:6      | Gained mutation: You have sharp toenails. [demonic
                  | ancestry]
  6040 | D:6      | Reached XP level 9. HP: 68/68 MP: 9/9
  6043 | D:6      | Reached skill level 7 in Axes
  6536 | D:6      | Found a snail-covered altar of Cheibriados.
  6556 | D:6      | Found a radiant altar of Vehumet.
  7516 | D:7      | Reached skill level 8 in Axes
  7788 | D:7      | Found a sacrificial altar of Ru.
  7954 | D:8      | Noticed a two-headed ogre
  7962 | D:8      | Killed a two-headed ogre
  7991 | D:8      | Noticed Grum
  8005 | D:8      | Reached skill level 1 in Throwing
  8005 | D:8      | Reached XP level 10. HP: 67/76 MP: 10/10
  8008 | D:8      | Killed Grum
  8179 | D:8      | Found a hide-covered altar of Uskayaw.
  8326 | D:8      | Reached ** piety under Ashenzari
  8444 | D:8      | Found a glowing silver altar of Zin.
  8694 | D:9      | Found a shimmering altar of Xom.
  9105 | D:10     | Entered Level 10 of the Dungeon
  9113 | D:10     | Found a staircase to the Orcish Mines.
  9132 | D:10     | Reached skill level 9 in Axes
  9205 | D:10     | Noticed Erolcha
  9315 | D:10     | Cast into level 1 of the Abyss (Erolcha)
  9370 | Abyss:1  | Noticed a smoke demon
  9376 | Abyss:1  | Killed a smoke demon
  9384 | Abyss:1  | Noticed a starcursed mass
  9398 | Abyss:1  | Killed a starcursed mass
  9493 | Abyss:1  | Noticed a smoke demon
  9497 | Abyss:1  | Noticed a sixfirhy
  9501 | Abyss:1  | Noticed a wretched star
  9504 | Abyss:1  | Noticed an apocalypse crab
  9505 | Abyss:1  | Killed a sixfirhy
  9518 | Abyss:1  | Slain by an apocalypse crab

Illustrated notes

Levels and vault maps discovered:
D:1:      scummos_arrival_checkerplants, layout_basic
D:2:      layout_loops_ring, nicolae_overflow_crystal_walls
D:3:      layout_loops_corners, lightli_sewer_entry_pipes
D:4:      layout_loops_ring, chequers_ossuary_entry_cave, first_ration,
          uniq_natasha
D:5:      layout_basic, nicolae_overflow_hidden_temple,
          minmay_temple_entry_glassed_door, minmay_pentangle, uniq_pikel
D:6:      layout_basic, basic_altar, kennysheep_slug_shrine
D:7:      layout_basic, lemuel_coloured_pillars_altar
D:8:      layout_cave_pools, marbit_many_paths, kennysheep_mini_moat, uniq_grum
D:9:      layout_small_grid, basic_altar
D:10:     layout_gridville, grunt_lair_entry_orc_guard_hut, orc_0_dummy,
          uniq_maggie, uniq_erolcha
Temple:   minmay_crystal_spiral_temple
Abyss:1:  base:
D:9

Skill      XL: |  1  2  3  4  5  6  7  8  9 10 |
---------------+-------------------------------+-----
Shields        | 3 4 5 6 7 |  7.2
Axes           | 2 3 4 5 6 8 9 |  9.4
Armour         | 3 4 5 6 |  6.3
Dodging        | 1 2 3 |  3.5
Stealth        | 1 2 |  2.9
Fighting       | 4 5 6 7 |  7.0
Throwing       | 1 |  1.7
Evocations     | |  0.8

Action                   |  1- 3 |  4- 6 |  7- 9 | 10-12 || total
-------------------------+-------+-------+-------+-------++-------
Melee: War axe           |   137 |   372 |   391 |   132 ||  1032
       Kick              |       |       |    44 |    31 ||    75
Throw: Javelin           |       |       |    12 |       ||    12
       Boomerang         |       |       |       |    13 ||    13
Invok: Curse Item        |       |       |     2 |       ||     2
Evoke: Wand              |       |       |     4 |     2 ||     6
  Use: Scroll            |       |     7 |     6 |     6 ||    19
       Potion            |       |     4 |       |     5 ||     9
 Stab: Distracted        |       |       |     2 |     2 ||     4
  Eat: Chunk             |     1 |     6 |     8 |     5 ||    20
       Ration            |       |     1 |     2 |       ||     3
Armor: Scale mail        |    66 |   189 |   185 |    59 ||   499
Dodge: Dodged            |    43 |   114 |   179 |    38 ||   374
Block: Kite shield       |    78 |   214 |   211 |    89 ||   592
